[Event "Kashem Chowdhury Rating-A 2019"]
[Site "Dhaka"]
[Date "2019.05.09"]
[Round "6.11"]
[White "Alam, Monjur"]
[Black "Ghosh, Chanchal Kumer"]
[Result "0-1"]
[ECO "D30"]
[WhiteElo "2031"]
[BlackElo "2051"]
[Annotator "NA RC"]
[PlyCount "26"]
[EventDate "2019.05.04"]
[EventType "swiss"]
[EventCountry "BAN"]
[SourceTitle "playchess.com"]
[Source "ChessBase"]
[SourceQuality "1"]
[TimeControl "5400+30"]

1. d4 d5 2. c4 e6 3. e3 Nf6 4. Bd3 a6 5. Nf3 Nbd7 6. Nc3 b6 7. cxd5 exd5 8. O-O Bb7 9. Re1 Bb4 10. Qb3 Bxc3 11. bxc3 O-O 12. Qd1 Re8 13. Bb2 $11 c5 0-1

[Event "Kashem Chowdhury Rating-A 2019"]
[Site "Dhaka"]
[Date "2019.05.10"]
[Round "7.1"]
[White "Hossain, Enamul"]
[Black "Subrota, Biswas"]
[Result "1/2-1/2"]
[ECO "C85"]
[WhiteElo "2442"]
[BlackElo "2086"]
[Annotator "ChessBase"]
[PlyCount "111"]
[EventDate "2019.05.04"]
[EventType "swiss"]
[EventCountry "BAN"]
[SourceTitle "playchess.com"]
[Source "ChessBase"]
[SourceQuality "1"]
[TimeControl "5400+30"]

1. e4 e5 2. Nf3 Nc6 3. Bb5 a6 4. Ba4 Nf6 5. O-O Be7 6. Bxc6 dxc6 7. d3 Nd7 8. Nbd2 O-O 9. Nc4 f6 10. Nh4 Nc5 11. Nf5 Bxf5 12. exf5 Qd7 13. Qg4 Rfd8 14. Re1 a5 15. Bd2 b6 16. Rad1 Nb7 17. f4 b5 18. Ne3 exf4 19. Qxf4 Bc5 20. Kh1 Re8 21. Nf1 Bd6 22. Qf3 Rxe1 23. Rxe1 Re8 24. Rxe8+ Qxe8 25. d4 Qd7 26. c3 Nd8 27. Be3 Qf7 28. Qe4 Kf8 29. b3 Qd5 30. Nd2 Ba3 31. c4 Qf7 32. Qd3 Bc1 33. cxb5 Qd5 34. bxc6 Nxc6 35. h3 a4 36. bxa4 Qxa2 37. Qc3 Bxd2 38. Bxd2 Qxa4 39. Qc5+ Ne7 40. Bb4 Qd7 41. Qc4 c6 42. Bxe7+ Kxe7 43. Qg8 Qxf5 44. Qxg7+ Kd6 45. Qf8+ Kd7 46. Qf7+ Kd6 47. Qc4 Qe4 48. Qb4+ Kd5 49. Qc5+ Ke6 50. Qc3 Kd5 51. Qc5+ Ke6 52. Kh2 Qf4+ 53. Kg1 Qe3+ 54. Kf1 Qf4+ 55. Kg1 Qe3+ 56. Kh1 {[%emt 0:00:16] Ke5 [%clk 0:00:00]} 1/2-1/2

[Event "Kashem Chowdhury Rating-A 2019"]
[Site "Dhaka"]
[Date "2019.05.10"]
[Round "7.4"]
[White "Mohammad Minhaz Uddin"]
[Black "Ahmed, Sk. Nasir"]
[Result "1/2-1/2"]
[ECO "B83"]
[WhiteElo "2294"]
[BlackElo "2170"]
[Annotator "RC"]
[PlyCount "29"]
[EventDate "2019.05.04"]
[EventType "swiss"]
[EventCountry "BAN"]
[SourceTitle "playchess.com"]
[Source "ChessBase"]
[SourceQuality "1"]
[TimeControl "5400+30"]

1. e4 c5 2. Nf3 e6 3. d4 cxd4 4. Nxd4 Nc6 5. Nc3 Nf6 6. Be2 d6 7. O-O Be7 8. Be3 O-O 9. f4 Bd7 10. Qe1 Nxd4 11. Bxd4 Bc6 12. Qg3 g6 13. Bf3 b5 14. a3 a5 15. Rad1 1/2-1/2

[Event "Kashem Chowdhury Rating-A 2019"]
[Site "Dhaka"]
[Date "2019.05.10"]
[Round "7.5"]
[White "Avik, Sarker"]
[Black "Mohammad Fahad, Rahman"]
[Result "1/2-1/2"]
[ECO "D00"]
[WhiteElo "2000"]
[BlackElo "2322"]
[Annotator "RC"]
[PlyCount "79"]
[EventDate "2019.05.04"]
[EventType "swiss"]
[EventCountry "BAN"]
[SourceTitle "playchess.com"]
[Source "ChessBase"]
[SourceQuality "1"]
[TimeControl "5400+30"]

1. d4 d5 2. Bf4 c5 3. e3 Nc6 4. c3 Nf6 5. Nd2 Qb6 6. Qb3 c4 7. Qc2 g6 8. Be2 Bf5 9. Qc1 Bg7 10. Ngf3 O-O 11. h3 Rfe8 12. O-O Rac8 13. Re1 Ne4 14. Nxe4 Bxe4 15. Nd2 Bf5 16. g4 Bd3 17. Bxd3 cxd3 18. Qb1 e5 19. dxe5 Bxe5 20. Nf3 Bxf4 21. exf4 Re2 22. Rxe2 dxe2 23. Qc2 Re8 24. Re1 Re4 25. Qd2 Qb5 26. Kg2 a5 27. b3 a4 28. Ng5 Re7 29. f5 axb3 30. f6 Re5 31. axb3 d4 32. Nf3 Re6 33. c4 Qc5 34. g5 Ne5 35. Qxd4 Qc6 36. Qd5 Nxf3 37. Kxf3 Qe8 38. Qd2 Qc6+ 39. Qd5 Qe8 40. Qd2 1/2-1/2

[Event "Kashem Chowdhury Rating-A 2019"]
[Site "Dhaka"]
[Date "2019.05.10"]
[Round "7.6"]
[White "Ahmed, Mahtabuddin"]
[Black "Islam, Mohammad Aminul"]
[Result "0-1"]
[ECO "A17"]
[WhiteElo "2036"]
[BlackElo "2027"]
[Annotator "NA"]
[PlyCount "168"]
[EventDate "2019.05.04"]
[EventType "swiss"]
[EventCountry "BAN"]
[SourceTitle "playchess.com"]
[Source "ChessBase"]
[SourceQuality "1"]
[TimeControl "5400+30"]

1. Nf3 f5 2. b3 Nf6 3. Bb2 e6 4. g3 b6 5. Bg2 Bb7 6. O-O Be7 7. c4 a5 {[%emt 0:01:13] A17: English Opening: 1...Nf6 with ...Bb4} 8. Nc3 Na6 9. d3 O-O 10. e3 $146 ({Predecessor:} 10. e4 fxe4 11. Ng5 Nc5 12. Ngxe4 Nfxe4 13. Nxe4 Nxe4 14. dxe4 a4 15. Qd2 Rf7 16. f4 Ra7 17. h4 Qa8 {½-½ (17) Antoniewski,R (2521)-Van Foreest,J (2638) Brest 2018}) 10... Qe8 11. Qe2 Nc5 12. Rfd1 Qh5 13. Nd4 Qxe2 14. Ndxe2 Bxg2 15. Kxg2 c6 16. f3 Rfb8 17. d4 Nb7 18. d5 Bc5 19. dxc6 dxc6 20. Nd4 Nd8 21. e4 fxe4 22. Nxe4 Nxe4 23. fxe4 a4 24. Nf3 Nf7 25. Rd7 Rd8 26. Rxd8+ Rxd8 27. Rc1 Rd3 28. Re1 axb3 29. axb3 Rxb3 30. Ba1 Rd3 31. Ne5 Nxe5 32. Bxe5 Bd4 33. Bc7 Re3 34. Rb1 Rxe4 35. Bxb6 Bxb6 36. Rxb6 Rxc4 37. Rb7 Rc2+ 38. Kh3 Kf8 39. g4 h6 40. Kg3 e5 41. h4 Rc3+ 42. Kf2 e4 43. Rc7 Rf3+ 44. Ke2 Rf6 45. Ke3 Re6 46. h5 Kg8 47. Rd7 g6 48. Rc7 gxh5 49. gxh5 Kf8 50. Rh7 {[%emt 0:01:13] [#]} Ke8 $1 51. Rc7 {[%emt 0:00:29] [#]} Kd8 $1 52. Rh7 c5 53. Ra7 Re5 54. Kf4 Re7 55. Ra8+ Kd7 56. Ke3 Re6 57. Ra7+ Kd6 58. Ra8 Kd5 59. Rg8 Re5 60. Rd8+ Kc4 61. Kf4 Rxh5 62. Kxe4 Rh1 63. Ke3 h5 64. Kd2 h4 65. Rh8 Rh2+ 66. Kd1 Kc3 67. Ra8 c4 68. Rc8 h3 69. Rh8 Rd2+ 70. Kc1 Rd3 71. Rh6 Rg3 72. Kd1 Kb2 73. Rb6+ Rb3 74. Rf6 Rg3 75. Rb6+ Kc3 76. Rh6 Rg1+ 77. Ke2 Rh1 78. Kf2 Kc2 (78... Kd2 $142 79. Rd6+ Kc2) 79. Rh4 c3 80. Rh8 Kc1 81. Rh7 c2 82. Rb7 Kd2 83. Rd7+ Kc3 84. Rc7+ Kb3 0-1

[Event "Kashem Chowdhury Rating-A 2019"]
[Site "Dhaka"]
[Date "2019.05.10"]
[Round "7.8"]
[White "Ghosh, Chanchal Kumer"]
[Black "Md. Jamal Uddin"]
[Result "1/2-1/2"]
[ECO "C54"]
[WhiteElo "2051"]
[BlackElo "2084"]
[Annotator "NA"]
[PlyCount "106"]
[EventDate "2019.05.04"]
[EventType "swiss"]
[EventCountry "BAN"]
[SourceTitle "playchess.com"]
[Source "ChessBase"]
[SourceQuality "1"]
[TimeControl "5400+30"]

1. e4 e5 2. Nf3 Nc6 3. Bc4 Bc5 4. c3 Nf6 5. d3 d6 6. Bg5 h6 7. Bh4 Qe7 8. Nbd2 {[%emt 0:05:16] C54: Giuoco Piano: 4 c3 Nf6, main lines with 5 d4 and 5 d3} a6 9. a4 Bb6 (9... Ba7 10. Qe2 Be6 11. b4 O-O 12. O-O Rfe8 13. Rfb1 Rab8 14. a5 Bxc4 15. Nxc4 Qe6 16. Bxf6 Qxf6 {1-0 (51) Najer,E (2707)-Aleksandrov,A (2580) Tbilisi 2017}) 10. b4 Be6 (10... g5 $5 11. Bg3 O-O $11) 11. a5 Ba7 12. Qa4 O-O 13. O-O $146 ({Predecessor:} 13. Bxa6 Nxa5 14. bxa5 bxa6 15. Rb1 {0-1 (52) Sinnhoefer,M-Keil,M Germany 1994}) 13... g5 14. Nxg5 (14. Bg3 $11) 14... hxg5 15. Bxg5 Bxc4 16. Nxc4 Qe6 17. Qd1 {[%emt 0:02:44] [#]} (17. b5 $17 {was worth a try.} axb5 18. Qxb5) 17... Nh7 (17... Nxe4 $1 $19 18. dxe4 Qxc4 {[%mdl 64] Double Attack}) 18. Be3 {[%emt 0:00:54] [#]} Kh8 (18... f5 $1 $17 19. Bxa7 Rxa7) 19. Bxa7 Nxa7 20. Ne3 $1 Rg8 21. f4 exf4 22. Rxf4 Nc6 23. Qe2 Ne7 24. Raf1 Raf8 25. Qf2 Rg7 26. Rh4 $1 Rfg8 27. Kh1 c6 28. c4 Qe5 29. Qf3 Qd4 30. Ng4 f5 31. Nh6 Rf8 32. h3 Ng6 33. Rh5 Ne5 34. Nxf5 {[%emt 0:00:00] Double Attack} Qxd3 35. Qxd3 Nxd3 36. b5 Rg5 $11 37. Rh6 axb5 38. cxb5 d5 39. h4 Rg4 40. exd5 cxd5 41. a6 bxa6 42. bxa6 Ra4 43. Kg1 Nf4 44. Rb1 Rxf5 45. Rb7 Kg8 46. Rhxh7 Rxa6 47. Rbg7+ Kf8 48. Rb7 Kg8 49. Rbg7+ Kf8 50. Rb7 Ne2+ 51. Kh2 Kg8 52. Rhg7+ Kf8 53. Rh7 Kg8 1/2-1/2

[Event "Kashem Chowdhury Rating-A 2019"]
[Site "Dhaka"]
[Date "2019.05.10"]
[Round "7.9"]
[White "Chowdhury, Sohel"]
[Black "Alam, Monjur"]
[Result "1/2-1/2"]
[ECO "C06"]
[WhiteElo "2044"]
[BlackElo "2031"]
[Annotator "NA RC"]
[PlyCount "103"]
[EventDate "2019.05.04"]
[EventType "swiss"]
[EventCountry "BAN"]
[SourceTitle "playchess.com"]
[Source "ChessBase"]
[SourceQuality "1"]
[TimeControl "5400+30"]

1. e4 e6 2. d4 d5 3. Nd2 Nf6 4. e5 Nfd7 5. Bd3 c5 6. c3 Nc6 7. Ne2 Qb6 8. Nf3 cxd4 9. cxd4 Bb4+ 10. Bd2 Bxd2+ 11. Qxd2 Qb4 12. Rc1 Qxd2+ 13. Nxd2 a6 {[%emt 0:00:55] C06: French Tarrasch: 3...Nf6 4 e5 Nfd7 5 Bd3 main lines} (13... Ndb8 14. O-O Bd7 15. a3 O-O 16. b4 a6 17. f4 f5 18. Nb3 b6 19. Nc3 Na7 {½-½ (19) Filip,A (1894)-Martinov,L (2225) Skopje 2019}) 14. f4 O-O 15. O-O Nb6 16. a3 Bd7 17. b4 Rac8 18. Nb3 Na4 19. Rc2 $146 ({Predecessor:} 19. Nc5 Nxc5 20. Rxc5 Ne7 21. Rfc1 Rxc5 22. Rxc5 {½-½ (60) Zak,J-Aubert,C Amsterdam 1980}) 19... Na7 20. Rfc1 Nb5 21. Rxc8 Rxc8 22. Rxc8+ Bxc8 23. Bxb5 axb5 24. Kf2 (24. Nc5 $14) 24... b6 25. g3 Bd7 26. Nd2 f6 27. Ke3 Be8 (27... Kf7 $11) 28. Nb1 (28. f5 $14) 28... Nb2 29. Nec3 Nc4+ 30. Kf3 Kf8 31. g4 Bg6 32. Kg3 (32. exf6 $11 {keeps the balance.} gxf6 33. Ke2) 32... Bd3 33. h4 Ne3 (33... Kf7 $17) 34. Kf3 Nc2 $1 35. exf6 gxf6 36. f5 Ke7 37. fxe6 Kxe6 38. Ne2 Bxe2+ 39. Kxe2 Nxd4+ 40. Kd3 $1 Ke5 ({Black should try} 40... Nf3 $1 $15 41. Nc3 Nxh4) 41. Nc3 f5 $11 42. gxf5 Nxf5 43. Nxb5 Nxh4 44. a4 Nf5 45. a5 bxa5 46. bxa5 Nd6 47. Nxd6 Kxd6 48. a6 Kc6 49. a7 Kb7 50. Kd4 h5 51. Kxd5 h4 52. Ke4 1/2-1/2

[Event "Kashem Chowdhury Rating-A 2019"]
[Site "Dhaka"]
[Date "2019.05.10"]
[Round "7.10"]
[White "Nayem, Haque"]
[Black "Rahman, Syed Mahfuzur"]
[Result "1/2-1/2"]
[ECO "C50"]
[WhiteElo "2106"]
[BlackElo "2217"]
[Annotator "ChessBase"]
[PlyCount "124"]
[EventDate "2019.05.04"]
[EventType "swiss"]
[EventCountry "BAN"]
[SourceTitle "playchess.com"]
[Source "ChessBase"]
[SourceQuality "1"]
[TimeControl "5400+30"]

1. e4 e5 2. Nf3 Nc6 3. Bc4 Be7 4. d4 d6 5. dxe5 dxe5 6. Qxd8+ Bxd8 7. Bb5 Bd7 8. Bd2 Nf6 9. Nc3 Nb4 10. Rc1 O-O 11. Bc4 Re8 12. Ng5 Rf8 13. O-O Nc6 14. Rfe1 h6 15. Nf3 Bg4 16. Nh4 Nd4 17. h3 Bd7 18. Nf5 Re8 19. Bd3 Bxf5 20. exf5 c6 21. Ne4 Nxe4 22. Bxe4 Bg5 23. Bxg5 hxg5 24. Kf1 Rad8 25. Rcd1 Kf8 26. Bd3 g6 27. fxg6 f6 28. c3 Ne6 29. Bc4 Rxd1 30. Rxd1 Rd8 31. Rxd8+ Nxd8 32. Bd3 Kg7 33. Bf5 c5 34. Ke2 b6 35. g4 Nb7 36. Kd3 Nd6 37. c4 a5 38. f3 Kf8 39. Kc3 Ke7 40. Bc2 Kf8 41. a3 Kg7 42. Bd3 Kf8 43. Kb3 Kg7 44. Ka4 Kf8 45. b4 axb4 46. axb4 cxb4 47. Kxb4 Kg7 48. Bc2 Kh6 49. Bb1 Kg7 50. Bf5 Kf8 51. Bc2 Kg7 52. Bd3 Kf8 53. Bc2 Kg7 54. Be4 Kh6 55. c5 bxc5+ 56. Kxc5 Nxe4+ 57. fxe4 Kxg6 58. Kd6 Kh6 59. Kd7 Kh7 60. Kd8 Kh8 61. Kd7 Kh7 62. Ke8 Kg8 1/2-1/2

[Event "Kashem Chowdhury Rating-A 2019"]
[Site "Dhaka"]
[Date "2019.05.11"]
[Round "8.7"]
[White "Ghosh, Chanchal Kumer"]
[Black "Ahmed, Mahtabuddin"]
[Result "1-0"]
[ECO "C41"]
[WhiteElo "2051"]
[BlackElo "2036"]
[Annotator "NA RC"]
[PlyCount "71"]
[EventDate "2019.05.04"]
[EventType "swiss"]
[EventCountry "BAN"]
[SourceTitle "playchess.com"]
[Source "ChessBase"]
[SourceQuality "1"]
[TimeControl "5400+30"]

1. e4 e5 2. Nf3 d6 3. d4 Nd7 4. Bc4 c6 5. dxe5 dxe5 6. Ng5 Nh6 7. O-O Qe7 {[%emt 0:03:21] C41: Philidor Defence} 8. a4 a5 (8... f6 9. Nf3 Nf7 10. b3 Nc5 11. Ba3 Qc7 12. Nc3 Ne6 13. Bxf8 Kxf8 14. Qd2 g6 15. Rfd1 {0-1 (72) Deac,B (2385)-Miroshnichenko,E (2609) Calimanesti 2014}) 9. Be3 $146 ({Predecessor:} 9. Qe2 Nc5 10. Rd1 f6 11. Nxh7 Bg4 12. f3 Rxh7 13. fxg4 Nf7 14. Be3 Ne6 15. Bxe6 Qxe6 {0-1 (47) Kopinits,A (2267)-Runic,Z (2395) Graz 2013}) 9... g6 10. h3 Nc5 11. f4 (11. Qf3 $16) 11... f6 12. Nf3 Nxe4 $2 (12... exf4 $11 13. Bxf4 Be6) 13. fxe5 f5 {[%emt 0:02:25] [#]} 14. Nbd2 $1 Nxd2 (14... Be6 $142 15. Bxe6 Qxe6 16. Nxe4 fxe4) 15. Qxd2 Nf7 16. e6 Nd6 {[%emt 0:01:40] [#]} 17. Bd3 $1 Bxe6 18. Bg5 Qc7 19. Rae1 Kd7 (19... Ne4 $142 20. Bxe4 Bb4) 20. Bf6 $2 (20. Qc3) 20... Rg8 21. Rxe6 Kxe6 22. Re1+ Kd7 23. Bc4 $1 Rg7 {[%emt 0:00:19] [#]} (23... Qb6+ $142 24. Kh1 Rg7) 24. Be6+ $1 Ke8 25. Bxf5+ Re7 26. Bxe7 Bxe7 27. Be6 Nf7 (27... Qb6+ $142 28. Kh1 Qxb2) 28. Qd4 Kf8 29. Bxf7 Kxf7 {[%emt 0:00:02] [#]} 30. Ne5+ (30. Qc4+ $1 $18 Kg7 31. Nd4) 30... Kg8 31. Qc4+ Kh8 {[%emt 0:00:13] [#]} 32. Kh1 (32. Qf4 $1 $16 Bc5+ 33. Kh1) 32... Bf6 33. Ng4 Rf8 34. Nxf6 Rxf6 35. Re8+ Kg7 36. Rg8+ 1-0

[Event "Kashem Chowdhury Rating-A 2019"]
[Site "Dhaka"]
[Date "2019.05.11"]
[Round "8.11"]
[White "Tajwar, Zia Tahsin"]
[Black "Md. Masum Hossain"]
[Result "*"]
[ECO "D02"]
[WhiteElo "1969"]
[BlackElo "1995"]
[Annotator "NA RC"]
[PlyCount "121"]
[EventDate "2019.05.04"]
[EventType "swiss"]
[EventCountry "BAN"]
[SourceTitle "playchess.com"]
[Source "ChessBase"]
[SourceQuality "1"]
[TimeControl "5400+30"]

1. d4 Nf6 2. Nf3 e6 3. Bf4 d5 4. e3 Bd6 5. Bg3 Nbd7 6. Nbd2 Qe7 7. Ne5 Nb6 8. f4 g6 9. Bh4 Qd8 10. Bb5+ Bd7 11. Nxd7 Nbxd7 12. Bxd7+ Kxd7 13. Nf3 Be7 14. Ne5+ Ke8 15. Bxf6 Bxf6 16. O-O Bg7 17. Qg4 Qe7 18. Nd3 h5 19. Qf3 Rc8 20. a4 Kf8 21. c3 Bf6 22. e4 dxe4 23. Qxe4 c6 24. b4 Qd6 25. a5 a6 26. Nc5 Rc7 27. Rae1 Kg7 28. Qf3 Kh7 29. Re3 Qd5 30. Qe2 Qf5 31. h3 h4 32. Qe1 Rg8 33. Re5 Bxe5 34. fxe5 Qh5 35. Ne4 Kg7 36. Qf2 Qf5 37. Qe3 Qh5 38. Nf6 Qh8 39. Nxg8 Kxg8 40. Qg5 Rd7 41. Rf4 Qg7 42. Rxh4 Kf8 43. Rf4 Kg8 44. h4 Qh7 45. g4 Kf8 46. Kg2 Ke8 47. Kg3 Re7 48. Rf6 Rd7 49. Qe3 Rd8 50. Qd3 Qh8 51. Qc4 Rd5 52. Qd3 Rd8 53. Qf3 Rd7 54. h5 gxh5 55. gxh5 Qg7+ 56. Qg4 Qxg4+ 57. Kxg4 Kf8 58. Kg5 Kg7 59. h6+ Kh7 60. Rf3 Rc7 61. Kf6 *

[Event "Kashem Chowdhury Rating-A 2019"]
[Site "Dhaka"]
[Date "2019.05.11"]
[Round "8.11"]
[White "Tajwar, Zia Tahsin"]
[Black "Md. Masum Hossain"]
[Result "1-0"]
[ECO "D02"]
[WhiteElo "1969"]
[BlackElo "1995"]
[Annotator "NA RC"]
[PlyCount "59"]
[EventDate "2019.05.04"]
[EventType "swiss"]
[EventCountry "BAN"]
[SourceTitle "playchess.com"]
[Source "ChessBase"]
[SourceQuality "1"]
[TimeControl "5400+30"]

1. d4 d5 2. Bf4 Nf6 3. e3 c5 4. Nd2 (4. c3 Nc6 5. Nd2 Qb6 6. Qb3 Nh5 7. Qxb6 axb6 8. Bc7 cxd4 9. exd4 e5 10. Bxe5 Nxe5 11. dxe5 Bc5 12. g3 O-O {1-0 (76) Aronian,L (2765)-Caruana,F (2832) London 2018}) 4... Nc6 5. Ngf3 Qb6 6. dxc5 {[%emt 0:00:30] D00: 1 d4 d5: Unusual lines} Qxb2 7. Rb1 Qc3 8. Bb5 Nd7 ({Black should play} 8... e6 $11) 9. O-O e6 {[%emt 0:00:30] [#]} 10. e4 $1 Qxc5 $146 ({Predecessor:} 10... a6 $16 {was worth a try.} 11. Bd3 Nxc5 12. Re1 Nxd3 13. cxd3 dxe4 14. Nxe4 {1-0 (25) Rusev,K (2538)-Heinemann,J (2275) Albena 2017}) 11. c4 dxc4 12. Nxc4 Be7 $2 (12... a6) 13. Ne1 $2 (13. Be3 $18 {and White stays clearly on top.} Qh5 14. Nd6+ Kf8 15. Nxc8) 13... O-O $2 {[%emt 0:00:30] [#]} (13... Qd4 $16) 14. Be3 $1 Rd8 (14... Nd4 $142 15. Bxd4 Qc7) 15. Bxc5 Nxc5 16. Qh5 g6 17. Qh6 Nxe4 18. Bxc6 bxc6 19. Nf3 Ba6 20. Rbc1 Rd5 21. Qe3 f5 22. Qb3 g5 23. Ne3 g4 24. Nxd5 cxd5 25. Nd4 Kf7 {[%emt 0:00:30] [#]} 26. Nxe6 $1 Kxe6 27. Rc6+ {[%emt 0:00:30] Double Attack} Ke5 28. Rxa6 Bc5 29. Qb2+ Bd4 {[%emt 0:00:30] [#]} 30. Qb7 {[%emt 0:00:30] Double Attack} 1-0

[Event "Kashem Chowdhury Rating-A 2019"]
[Site "Dhaka"]
[Date "2019.05.12"]
[Round "9.8"]
[White "Ahmed, Sk. Nasir"]
[Black "Mohammad, Javed"]
[Result "1-0"]
[ECO "A39"]
[WhiteElo "2170"]
[BlackElo "2152"]
[Annotator "RC"]
[PlyCount "105"]
[EventDate "2019.05.04"]
[EventType "swiss"]
[EventCountry "BAN"]
[SourceTitle "playchess.com"]
[Source "ChessBase"]
[SourceQuality "1"]
[TimeControl "5400+30"]

1. c4 Nf6 2. g3 c5 3. Bg2 Nc6 4. Nf3 g6 5. d4 cxd4 6. Nxd4 Bg7 7. Nc3 O-O 8. O-O Qb6 9. Nc2 d6 10. b3 Be6 11. Rb1 a5 12. Bb2 Rfc8 13. e4 Bg4 14. Qd2 Ne5 15. Nd4 Nc6 16. Ndb5 Ne5 17. Na4 Qd8 18. h3 Bd7 19. f4 Nc6 20. Qf2 Ra6 21. e5 Ne8 22. Rbd1 b6 23. exd6 exd6 24. Bxg7 Kxg7 25. Nxd6 Nxd6 26. Rxd6 Qc7 27. Rfd1 Be8 28. Qb2+ Kg8 29. Qf6 Ne7 30. Rxb6 Rxb6 31. Nxb6 Rb8 32. Nd5 Nxd5 33. Bxd5 a4 34. Re1 axb3 35. axb3 Qc5+ 36. Kg2 Qf8 37. Re3 Qg7 38. Qxg7+ Kxg7 39. Re7 Kf6 40. Rb7 Rc8 41. Kf2 h5 42. Ke3 Rd8 43. b4 Bd7 44. b5 Re8+ 45. Kf3 Be6 46. Bxe6 Kxe6 47. c5 f5 48. b6 Rc8 49. Rc7 Rxc7 50. bxc7 Kd7 51. Ke3 Kxc7 52. Kd4 Kc6 53. h4 {[%emt 0:00:00] Kd5+ [%clk 0:00:00] Ke4+} 1-0

[Event "Kashem Chowdhury Rating-A 2019"]
[Site "Dhaka"]
[Date "2019.05.12"]
[Round "9.10"]
[White "Abdul, Momin"]
[Black "Md. Jamal Uddin"]
[Result "1-0"]
[ECO "C54"]
[WhiteElo "2037"]
[BlackElo "2084"]
[Annotator "NA RC"]
[PlyCount "101"]
[EventDate "2019.05.04"]
[EventType "swiss"]
[EventCountry "BAN"]
[SourceTitle "playchess.com"]
[Source "ChessBase"]
[SourceQuality "1"]
[TimeControl "5400+30"]

1. e4 e5 2. Nf3 Nc6 3. Bc4 Bc5 4. c3 Nf6 5. d3 d6 6. O-O O-O 7. Bb3 Bb6 8. h3 {[%emt 0:00:48] C54: Giuoco Piano: 4 c3 Nf6, main lines with 5 d4 and 5 d3} Ne7 9. Nbd2 a6 (9... c6 10. Re1 Ng6 11. d4 Re8 12. Bc2 h6 13. Nf1 d5 14. exd5 e4 15. Ne5 cxd5 16. Nxg6 fxg6 {0-1 (41) Volokitin,A (2628)-Aronian,L (2805) Riadh 2017}) 10. Re1 Ng6 11. Nf1 Be6 $146 ({Predecessor:} 11... Nh5 12. d4 Qe8 13. Be3 Nhf4 14. Ng3 Qe7 15. Kh2 Qf6 16. Nh5 {1-0 (27) Lobzhanidze,A (1979)-Diener,C (1886) Braunfels 2017}) 12. Bc2 d5 13. exd5 Nxd5 14. Nxe5 Nxe5 15. Rxe5 Bxf2+ $1 16. Kh1 Bh4 17. d4 Bf6 18. Re2 Qd6 19. Qd3 g6 20. Qf3 Bg7 21. Bg5 c6 22. Rae1 Rae8 23. Nd2 f6 24. Ne4 Qd8 25. Bd2 Nc7 {[%emt 0:02:36] [#]} ({Black should try} 25... Bf7 $14) 26. Qg3 (26. Bf4 $1 $16) 26... Bc4 $1 27. Bb3 Bxb3 28. axb3 Nb5 (28... f5 $1 $14 29. Bg5 Qd7) 29. Nc5 Rxe2 30. Rxe2 Qc8 {[%emt 0:00:42] [#]} 31. Qe1 $1 Nd6 $2 {[%emt 0:03:53] [#]} (31... g5 $16 32. Re7 Nc7) 32. Re7 (32. Bf4 $1 $18 {[%cal Rf4d6] is the precise move to win.} Nf7 33. Re7) 32... Rf7 {[%emt 0:03:15] [#]} (32... Nf5 $16) 33. Bf4 (33. Re6 $1 $18 Bf8) 33... Bf8 (33... Rxe7 $16 {might work better.} 34. Qxe7 Bf8 35. Qxf6 Ne8) 34. Re6 Nb5 $2 (34... Nf5 35. Re8 Re7 36. Qxe7 (36. Rxc8 Rxe1+ 37. Kh2 Kg7 $16) 36... Nxe7 37. Rxc8 Nxc8) 35. Re8 Qf5 36. Ne6 g5 37. Bb8 ({Not} 37. Nxf8 Rxf8 38. Bg3 h5 $16) 37... Qd3 38. Kh2 h5 39. Nxf8 Rxf8 40. Qe6+ Kg7 41. Rxf8 Kxf8 42. Qxf6+ {[%emt 0:00:21] Double Attack} Ke8 43. Qxg5 Qd1 44. b4 (44. Qg8+ $142 Ke7 45. Bf4) 44... Kd7 45. Be5 Ke6 46. c4 Qe2 47. Qf6+ Kd7 48. Qf5+ Ke7 49. cxb5 axb5 50. Qf6+ Ke8 51. Qe6+ 1-0

[Event "Kashem Chowdhury Rating-A 2019"]
[Site "Dhaka"]
[Date "2019.05.12"]
[Round "9.11"]
[White "Swarnavo Choudhury"]
[Black "Tajwar, Zia Tahsin"]
[Result "1/2-1/2"]
[ECO "D02"]
[WhiteElo "1865"]
[BlackElo "1969"]
[Annotator "NA RC"]
[PlyCount "48"]
[EventDate "2019.05.04"]
[EventType "swiss"]
[EventCountry "BAN"]
[SourceTitle "playchess.com"]
[Source "ChessBase"]
[SourceQuality "1"]
[TimeControl "5400+30"]

1. d4 d5 2. Bf4 Nf6 3. Nf3 c5 4. e3 Nc6 5. Nbd2 e6 6. c3 Be7 7. Bd3 Nh5 8. Bg3 f5 {[%emt 0:00:30] D02: 1 d4 d5 2 Nf3 sidelines, including 2...Nf6 3 g3 and 2...Nf6 3 Bf4} (8... Nxg3 9. hxg3 h6 10. Ne5 Nxe5 11. dxe5 Bd7 12. Qg4 Bf8 13. a4 Qc7 14. Nf3 O-O-O 15. Bb5 Kb8 16. O-O {1-0 (43) Kamsky,G (2741)-Jakovenko,D (2713) Khanty-Mansiysk 2013}) 9. Bb5 Nxg3 10. hxg3 O-O 11. Bxc6 bxc6 12. Ne5 Qe8 13. Qa4 $146 ({Predecessor:} 13. Qh5 Qxh5 14. Rxh5 {½-½ (31) Brunovsky,P (1435)-Koutny,P (1830) Bratislava 2006}) 13... Bd7 (13... cxd4 $11 14. exd4 (14. cxd4 c5 $11) 14... c5 15. Qxe8 Rxe8) 14. Ndf3 c4 15. Nxd7 Qxd7 16. Ne5 Qb7 17. Qxc6 Qxc6 18. Nxc6 Bd6 19. f4 ({Better is} 19. Kd2 $16) 19... Rfc8 20. Ne5 Rab8 21. O-O-O a5 22. Kc2 a4 23. a3 Bxe5 24. dxe5 $15 g6 $1 1/2-1/2